[Event "Early-Titled-Tuesday-Blitz-February-06-2024"]
[Site "Chess.com"]
[Date "2024.02.06"]
[Round "1"]
[White "brm72"]
[Black "Nick12772"]
[Result "0-1"]
[WhiteElo "2674"]
[BlackElo "2392"]
[TimeControl "180+1"]
[EndTime "8:08:30 PST"]
[Termination "Nick12772 won by resignation"]

1. e4 e6 2. d4 d5 3. e5 c5 4.
c3 Bd7 5. Nf3 Qb6 6. Bd3 Bb5 7.
dxc5 Bxc5 8. b4 Bxd3 9. bxc5 Qa6 10. Be3 Ne7 11. Nbd2 Nf5 12. Bd4 h5 13. Nb3 Nc6 14. a4 Bc4 15. Nfd2 Bd3 16. Nf3 Bc4 17. Nbd2 Bd3 18.
Qb3 Na5 19. Qb4 Nc6 20. Qb2 g6 21. Nb3 Bc4 22. Nbd2 Bd3 23. h3 Kf8 24. Nb3 Kg7 25.
Kd2 Bc4 26. g4 hxg4 27. hxg4 Nfe7 28. a5 Qb5 29. Kc2 Bd3+ 30. Kd2 Rxh1 31. Rxh1 Be4 32. Rh3 Qd3+ 33. Kc1 Bxf3 34. Nd2 Rh8 35. Rxh8 Kxh8 36. a6 bxa6 37. g5 Kg7 38. Qb7 Nxd4 39. cxd4 Nf5 40.
c6 Nxd4 41. Qb2 Qe2 42. Kb1 Qd1+ 43. Ka2 Qa4+ 44. Kb1 Be4+ 45. Nxe4 dxe4 46. c7 Qd1+ 47. Ka2 Qa4+ 48. Kb1 Qc6 49. Qxd4 Qxc7 50. Qxe4 Qb6+ 51. Kc1 Qc5+ 52. Kd1 Qb5 53. Qf4 Qf1+ 54. Kd2 Qh3 55. Qf6+ Kg8 56. Qd8+ Kh7 57. Qf6 Qf5 58. Qe7 Kg7 59.
Ke1 Qxe5+ 60. Kf1 Qf5 61. Qd8 a5 62. Qd4+ e5 63. Qxa7 Qxg5 64. Qxa5 Qf5 65. Ke2 e4 66. Ke3 Qxa5 0-1

[Event "Early-Titled-Tuesday-Blitz-February-06-2024"]
[Site "Chess.com"]
[Date "2024.02.06"]
[Round "1"]
[White "GMBenjaminBok"]
[Black "kecalk"]
[Result "1-0"]
[WhiteElo "2955"]
[BlackElo "2503"]
[TimeControl "180+1"]
[EndTime "8:08:31 PST"]
[Termination "GMBenjaminBok won on time"]

1. d4 Nf6 2. c4 e6 3. Nc3 Bb4 4. Qc2 c5 5. dxc5 O-O 6. a3 Bxc5 7. Nf3 d5 8. Bg5 Be7 9. e3 dxc4 10. Bxc4 a6 11.
Rd1 Nbd7 12. O-O h6 13. Bf4 b5 14. Bd3 Qb6 15. Ne4 Bb7 16. Bc7 Qa7 17. Nxf6+ Nxf6 18. Bg3 Rac8 19. Qe2 Be4 20. Ne5 Bxd3 21. Rxd3 Qb7 22.
Rfd1 Rfd8 23. h3 Rxd3 24. Rxd3 Rd8 25. Rxd8+ Bxd8 26. Qd3 Bb6 27. Kh2 Qd5 28. Qc2 Qc5 29. Qd3 Qd5 30. Qxd5 Nxd5 31. Nd7 Ba7 32. Bb8 Bxb8+ 33.
Nxb8 Nc7 34. Kg3 Kf8 35. Nc6 Ke8 36. Kf4 f6 37. Ke4 Kd7 38. Na5 Kd6 39. f4 g5 40.
fxg5 f5+ 41. Kd3 hxg5 42. g3 Nd5 43. Nb7+ Kc6 44. Nd8+ Kd7 45. Nf7 g4 46. hxg4 fxg4 47. Ne5+ Kd6 48. Nxg4 Nb6 49. b3 Nd7 50. Nf2 Nc5+ 51.
Kc3 Nd7 52. Kd4 e5+ 53. Kc3 Kd5 54. e4+ Kd6 55. Nd3 Nf6 56. Nf2 Nd7 57. Kb4 Kc6 58. g4 Kb6 59. g5 a5+ 60. Kc3 Nf8 61. Nd3 Ng6 62. Kd2 Kc6 63. Ke3 Kd6 64. Kf3 1-0

[Event "Early-Titled-Tuesday-Blitz-February-06-2024"]
[Site "Chess.com"]
[Date "2024.02.06"]
[Round "1"]
[White "threemind"]
[Black "RantomOpening"]
[Result "0-1"]
[WhiteElo "2142"]
[BlackElo "2563"]
[TimeControl "180+1"]
[EndTime "8:08:31 PST"]
[Termination "RantomOpening won by resignation"]

1. d4 d5 2. Nf3 e6 3. Bg5 Nf6 4. Nbd2 Be7 5. e3 O-O 6. Bd3 b6 7. Qe2 Bb7 8. c3 Nbd7 9. O-O Ne4 10. Bxe7 Qxe7 11. Ne5 Nxe5 12. dxe5 Nc5 13. Bc2 Ba6 14. c4 Nd7 15. b3 Nxe5 16. Bxh7+ Kxh7 17. Qh5+ Kg8 18. Qxe5 Qd6 19. Qxd6 cxd6 20. Rfc1 dxc4 21. Nxc4 d5 22. Ne5 Rac8 23. f3 Rfd8 24. f4 f6 25. Nf3 Kf7 26. Kf2 Ke7 27. Ke1 Kd6 28. Kd2 e5 29. g3 Bb7 30. Nh4 Ke6 31. f5+ Kd6 32. Rxc8 Rxc8 33. a4 e4 34. Ng2 Ke5 35. g4 Rh8 36. h4 d4 37. h5 Rc8 38. exd4+ Kxd4 39. Ne3 Ba6 40. Nc2+ Ke5 41. Nb4 Bb7 42. Nc2 Rd8+ 43. Ke2 Ba6+ 44. Ke1 Rd3 45. Nb4 Rh3 46. Rc1 Rh1+ 47.
Kd2 Rxc1 48. Kxc1 Bb7 49. Nc2 Kf4 50. Kd2 Kxg4 51. Ke3 Kxf5 52. Nd4+ Kg5 53. Ne6+ Kh6 54. Nf4 f5 55. b4 Kg5 56. Ne6+ Kf6 57. Nf4 a5 58. b5 Ke5 59. Ng6+ Kf6 60. Nf4 Kg5 61. Ne6+ Kxh5 62. Nxg7+ Kg4 63. Ne6 Kg3 64. Nf4 Bc8 65.
Nd5 Be6 66. Nxb6 Bb3 67. Nc8 Bxa4 68. b6 Bc6 69. Ne7 f4+ 70. Ke2 Bb7 71. Nf5+ Kg2 72. Nd6 f3+ 73. Ke3 f2 74. Nxb7 f1=Q 75. Nc5 Qf2+ 76.
Kxe4 Qxc5 77. b7 Qc6+ 0-1

[Event "Early-Titled-Tuesday-Blitz-February-06-2024"]
[Site "Chess.com"]
[Date "2024.02.06"]
[Round "1"]
[White "TokChess"]
[Black "SoyuzTM4"]
[Result "1-0"]
[WhiteElo "2574"]
[BlackElo "2191"]
[TimeControl "180+1"]
[EndTime "8:08:32 PST"]
[Termination "TokChess won on time"]

1. d4 Nf6 2. c4 g6 3. Nf3 c5 4. Nc3 cxd4 5. Nxd4 Bg7 6. e3 O-O 7. Be2 Nc6 8. O-O b6 9. Nxc6 dxc6 10. Bf3 Qc7 11.
Qa4 Bb7 12. e4 Nd7 13. Bg5 Nc5 14. Qc2 Rad8 15. Be2 h6 16. Be3 Ne6 17. Rad1 Nd4 18. Qc1 Nxe2+ 19. Nxe2 Qe5 20. Nc3 Ba6 21. Bxh6 Bxc4 22.
Rfe1 Qh5 23. Bxg7 Kxg7 24. b3 Be6 25. Ne2 Qe5 26. Ng3 c5 27. Qe3 Rd4 28. Rxd4 cxd4 29. Qd3 Rd8 30. Rd1 Bg4 31. f3 Be6 32. Ne2 Qa5 33.
Qd2 Qc5 34. Rc1 Qe5 35. Qd3 Qa5 36. Nxd4 Kh7 37. Qe3 Qxa2 38. Nxe6 fxe6 39. h4 Qb2 40. Rc7 Qf6 41. Qg5 Rd1+ 42. Kh2 Qxg5 43. hxg5 Rb1 44. Rxe7+ Kg8 45. Rxa7 Rxb3 46. Re7 b5 47. Rxe6 b4 48. Rxg6+ Kf7 49. Rb6 Rb2 50. Kg3 b3 51.
f4 Rb1 52. Kg4 b2 53. Kf5 Ke7 54. g4 Kf7 55. g6+ Kg7 56. Rb7+ 1-0

[Event "Early-Titled-Tuesday-Blitz-February-06-2024"]
[Site "Chess.com"]
[Date "2024.02.06"]
[Round "1"]
[White "wadsy27"]
[Black "Louis-Paulsen-Fan"]
[Result "1-0"]
[WhiteElo "2617"]
[BlackElo "2284"]
[TimeControl "180+1"]
[EndTime "8:08:34 PST"]
[Termination "wadsy27 won on time"]

1. e4 Nf6 2. Nc3 e5 3. Nf3 Nc6 4. d4 Bb4 5. dxe5 Nxe4 6. Bd2 Bxc3 7. Bxc3 Nxc3 8. bxc3 Qe7 9. Bd3 Nxe5 10. O-O Nxd3 11. Qxd3 O-O 12. Rfe1 Qf6 13. Re3 d6 14. Rae1 Bf5 15.
Qc4 c6 16. Nd4 Bg6 17. Re7 Rab8 18. h3 h6 19. R1e3 c5 20. Nb5 a6 21. Nc7 b5 22.
Qe2 c4 23. Ne8 Qf5 24. Rg3 Kh8 25. Nxd6 Qxc2 26. Qxc2 Bxc2 27. Nxf7+ Kh7 28. Ne5 Rg8 29. h4 a5 30. a3 b4 31. axb4 axb4 32. cxb4 Rxb4 33.
Rc7 Bb3 34. h5 Rbb8 35. Nd7 Rbc8 36. Nf6+ Kh8 37. Rxc8 Rxc8 38. Ne4 Bc2 39. Nc3 Bd3 40. Rg4 Rb8 41. Rd4 Rb3 42. Rd8+ Kh7 43. Nd5 c3 44. Rc8 c2 45. Kh2 Rb1 46. Nf4 c1=Q 47. Rxc1 Rxc1 48.
Nxd3 Rc2 49. Kg3 Kg8 50. Nf4 Rc3+ 51. f3 Ra3 52. Kg4 Kf7 53. Ng6 Kf6 54. Kf4 Ra4+ 55. Ke3 Kg5 56. g4 Ra3+ 57. Ke4 Ra4+ 58. Ke3 Ra6 59. Ne5 Re6 60. f4+ Kh4 61. Kf3 Ra6 62.
Ke4 Ra4+ 63. Kf5 Ra5 64. Kg6 Rxe5 65. fxe5 Kxg4 66. e6 1-0

[Event "Early-Titled-Tuesday-Blitz-February-06-2024"]
[Site "Chess.com"]
[Date "2024.02.06"]
[Round "1"]
[White "Witik"]
[Black "Smiechu"]
[Result "1-0"]
[WhiteElo "2782"]
[BlackElo "2433"]
[TimeControl "180+1"]
[EndTime "8:08:38 PST"]
[Termination "Witik won on time"]

1. d4 Nf6 2. c4 c5 3. e3 g6 4. Nf3 Bg7 5. Nc3 b6 6. Be2 O-O 7. O-O Bb7 8. d5 e6 9. e4 exd5 10.
exd5 d6 11. h3 Re8 12. Qc2 a6 13. a4 Nbd7 14. Bf4 Qc7 15. Rfe1 Nh5 16. Bh2 Nhf6 17.
Bf1 Rxe1 18. Rxe1 Re8 19. Qd1 Bf8 20. Ng5 h6 21. Rxe8 Nxe8 22. Nge4 f5 23. Nd2 Bg7 24. Nf3 Ne5 25. Be2 Qe7 26. Qd2 Nxf3+ 27. Bxf3 Nf6 28.
Qe2 Qxe2 29. Nxe2 Ne8 30. b3 Be5 31. Bf4 g5 32. Bd2 Kf7 33. g4 Ng7 34. Bg2 Bc8 35.
f3 Bd7 36. Kf2 b5 37. axb5 axb5 38. Bf1 bxc4 39. bxc4 Ba4 40. Nc3 Bd4+ 41. Ke1 fxg4 42. hxg4 Bb3 43. Nb5 Be5 44. Bd3 Ba4 45. Ke2 Ne8 46. Bf5 Nf6 47. Kd3 Bxb5 48. cxb5 Nxd5 49. Ba5 Nf4+ 50. Ke4 Kf6 51. Bd8+ Kf7 52. b6 Ke8 53. b7 Ne2 54. b8=Q Nc3+ 55. Kd3 c4+ 56. Kxc4 d5+ 57. Kd3 Bxb8 58. Bf6 Nb5 59. Bg6+ Kd7 60. Bg7 Nd6 61. Bxh6 Ke6 62. Bxg5 Nc4 63. Bf5+ Ke5 64. Bh6 1-0

[Event "Early-Titled-Tuesday-Blitz-February-06-2024"]
[Site "Chess.com"]
[Date "2024.02.06"]
[Round "1"]
[White "BallottiLuca"]
[Black "NovozhilovSemen"]
[Result "0-1"]
[WhiteElo "2351"]
[BlackElo "2670"]
[TimeControl "180+1"]
[EndTime "8:08:40 PST"]
[Termination "NovozhilovSemen won by resignation"]

1. d4 Nf6 2. Bg5 e6 3. e4 h6 4. Bxf6 Qxf6 5. Nc3 g5 6. Qd2 Bg7 7. O-O-O a6 8. g3 d6 9. Bg2 Bd7 10. f4 gxf4 11. gxf4 Nc6 12. Nge2 O-O-O 13. e5 dxe5 14. fxe5 Qe7 15. Rhf1 h5 16. Kb1 Bh6 17. Qd3 Rhg8 18.
Bh1 Nb4 19. Qf3 Bc6 20. Qxf7 Qxf7 21. Rxf7 Bxh1 22. Rxh1 Rg2 23. a3 Nd5 24. Ng3 Ne3 25. Nge4 Nxc2 26. d5 exd5 27. Nf6 d4 28. Nd1 Re2 29.
e6 Nxa3+ 30. bxa3 Rxe6 31. Nxh5 d3 32. Rhf1 Rb6+ 33. Ka2 Rdd6 34. Rh7 Kb8 35. Ng3 Rdc6 36. Ne4 Rc2+ 37. Ka1 Re2 38. Nec3 Rxh2 39. Rh8+ Ka7 40. Rc8 Bg7 41. Rxc7 Be5 42. Rc5 Rh5 43. Rc4 d2 44. Re4 Bxc3+ 45. Nxc3 Rc5 46. Nd1 Rc1+ 47. Ka2 Rbb1 48.
Rd4 Rxd1 49. Rxd1 Rxd1 50. Kb2 Kb6 51. Kc2 Ra1 52. Rxd2 Ra2+ 53. Kc1 Rxd2 54. Kxd2 Kb5 55. Kc2 Ka4 56. Kb2 Kb5 57. Ka2 Kc4 58. Kb2 a5 59. Kc2 a4 60. Kb2 Kd3 61. Ka1 Kc3 62. Ka2 Kc2 63. Ka1 Kb3 64. Kb1 Kxa3 65. Ka1 Kb3 66. Kb1 b5 67. Ka1 b4 68. Kb1 Kc3 69. Ka1 Kc2 70.
Ka2 b3+ 71. Ka3 b2 0-1

[Event "Early-Titled-Tuesday-Blitz-February-06-2024"]
[Site "Chess.com"]
[Date "2024.02.06"]
[Round "1"]
[White "SarochaChuemsakul"]
[Black "LikeWater"]
[Result "0-1"]
[WhiteElo "2455"]
[BlackElo "2821"]
[TimeControl "180+1"]
[EndTime "8:08:41 PST"]
[Termination "LikeWater won by resignation"]

1. d4 d5 2. c4 e6 3. cxd5 exd5 4.
Nc3 c6 5. Bf4 Bf5 6. e3 Bd6 7.
Bxd6 Qxd6 8. Bd3 Ne7 9. Nf3 Nd7 10. O-O O-O 11. Bxf5 Nxf5 12. Qd3 g6 13. a3 a5 14. Rac1 b5 15. Ne2 a4 16. Nf4 Nb6 17. Qc3 Nc4 18.
Nd3 f6 19. Rc2 Qe7 20. Re1 Nfd6 21. Qb4 Rac8 22. h3 Kg7 23. Ree2 Rfe8 24. Nf4 Qa7 25.
Nd3 Ne4 26. Nc5 Nxc5 27. Qxc5 Qxc5 28. dxc5 f5 29. Nd4 Re4 30. g3 Kf6 31. Kg2 Ke7 32. Rc3 Kd7 33. f3 Re5 34. Kf2 Rce8 35. Rd3 Kc7 36.
h4 h6 37. b3 axb3 38. Rxb3 Ra8 39. Ra2 Ra4 40. Ke2 Re8 41. Kf2 h5 42. Ke2 Rea8 43.
Nc2 Kd7 44. Kd3 Rg8 45. Ra1 Re8 46. Rg1 Ne5+ 47. Ke2 Rc4 48. Nd4 Ra8 49. Rgb1 Rxc5 50. R1b2 Nc4 51. Rc2 Kd6 52. Rbc3 Rxa3 53. Rxa3 Nxa3 54.
Ra2 b4 55. Rb2 Rc4 56. Kd3 c5 57. Ne2 Nb5 58. Ra2 Na3 59. Rb2 Kc6 60. Nf4 Rc3+ 61. Ke2 Nc4 62. Ra2 Rxe3+ 63. Kf2 Ra3 64. Re2 b3 65. Re6+ Nd6 66. Rxg6 b2 0-1

[Event "Early-Titled-Tuesday-Blitz-February-06-2024"]
[Site "Chess.com"]
[Date "2024.02.06"]
[Round "1"]
[White "kingofthenil"]
[Black "GMCorinnaKopff"]
[Result "1-0"]
[WhiteElo "2654"]
[BlackElo "2338"]
[TimeControl "180+1"]
[EndTime "8:08:41 PST"]
[Termination "kingofthenil won by resignation"]

1. d4 Nf6 2. c4 g6 3. Nf3 Bg7 4. g3 d6 5. Bg2 O-O 6. O-O Nc6 7. Nc3 a6 8. h3 Rb8 9. Qc2 Bd7 10. a3 b5 11. Nd5 Na5 12. Nxf6+ Bxf6 13. c5 e5 14. dxe5 dxe5 15. Bh6 Re8 16. Nd2 Qe7 17. b4 Nc6 18.
Ne4 Bh8 19. Rad1 Nd4 20. Qb2 Ne6 21. h4 f5 22. Nc3 e4 23. Qb3 Qf7 24. Nd5 Bc6 25. e3 Rbd8 26. Rd2 Rd7 27. Rfd1 Red8 28. Qa2 Be5 29. Bf1 Bg7 30. Bxg7 Kxg7 31. Qb2+ Kg8 32. Nc3 Rxd2 33. Rxd2 Rxd2 34. Qxd2 Qd7 35. Qxd7 Bxd7 36. Nd5 Kf7 37. Be2 Bc6 38. Nc3 Bd7 39. Nd5 Bc6 40.
Nc3 Kf6 41. Bd1 Ke5 42. Bb3 Nd8 43. Kf1 Bd7 44. Bg8 h6 45. Ke2 Be6 46. Bxe6 Nxe6 47. Kd2 Nd8 48. Ne2 Nc6 49. Nf4 g5 50. hxg5 hxg5 51.
Nh3 Kf6 52. Kc3 Ne5 53. Kd4 Nd3 54. Kd5 g4 55. Nf4 Nxf2 56. Kc6 Nd1 57. Ng2 Ke5 58. Kxc7 Nb2 59. Kb7 Nc4 60. c6 Nd6+ 61. Kxa6 f4 62. Nxf4 Nc4 63. c7 Nd6 64. Kb6 Kf6 65. Kc6 Ke7 66.
Ng6+ Ke6 67. Nf4+ Ke7 68. Nd5+ Ke6 69. Nc3 Ke7 70. Nxb5 Nc8 71. Nc3 Ke8 72. b5 Ke7 73. b6 Nxb6 74. Kxb6 1-0

[Event "Early-Titled-Tuesday-Blitz-February-06-2024"]
[Site "Chess.com"]
[Date "2024.02.06"]
[Round "1"]
[White "ri4mi"]
[Black "FMStan15"]
[Result "1-0"]
[WhiteElo "2548"]
[BlackElo "2009"]
[TimeControl "180+1"]
[EndTime "8:08:41 PST"]
[Termination "ri4mi won on time"]

1. e4 e6 2. d4 d5 3. Nc3 Bb4 4. e5 c5 5. a3 Bxc3+ 6. bxc3 Qc7 7. Qg4 f5 8. Qh5+ Qf7 9. Qxf7+ Kxf7 10. Nf3 h6 11. h4 cxd4 12. cxd4 Ne7 13. h5 b6 14. a4 Ba6 15. a5 Bxf1 16. Rxf1 bxa5 17. Rxa5 Nbc6 18. Ra4 Rhc8 19. Ba3 Rab8 20. Kd2 f4 21. g4 fxg3 22. fxg3 Kg8 23. g4 Rb7 24. Bc5 Rf8 25.
Ra3 Rf4 26. Rg1 Na5 27. Rxa5 Rxf3 28. Rxa7 Rxa7 29. Bxa7 Nc6 30. Bc5 Na5 31. Ke2 Rh3 32. Rf1 Rh2+ 33. Kd1 Nc4 34. Rf8+ Kh7 35. Re8 Ne3+ 36.
Kc1 Rxc2+ 37. Kb1 Rf2 38. Rxe6 Nxg4 39. Rg6 Rf4 40. Kc2 Re4 41. Kc3 Re3+ 42. Kb4 Re4 43. Kb5 Ne3 44. Kc6 Rh4 45. e6 Nf5 46. e7 Nxe7+ 47.
Bxe7 Rxh5 48. Re6 Rh1 49. Kxd5 g5 50. Re2 g4 51. Ke4 h5 52. d5 Rd1 53. d6 g3 54.
Kf3 Rd3+ 55. Kg2 Kg6 56. Re6+ Kf5 57. Rf6+ Kg4 58. Rg6+ Kf4 59. Kh3 Rd2 60. Rf6+ 1-0

[Event "Early-Titled-Tuesday-Blitz-February-06-2024"]
[Site "Chess.com"]
[Date "2024.02.06"]
[Round "1"]
[White "viniciusrego"]
[Black "eagleclaw07"]
[Result "0-1"]
[WhiteElo "2438"]
[BlackElo "2792"]
[TimeControl "180+1"]
[EndTime "8:08:42 PST"]
[Termination "eagleclaw07 won by resignation"]

1. e4 e5 2. Nf3 Nc6 3. Bb5 Nf6 4. d3 Bc5 5. c3 O-O 6. O-O d6 7. Bg5 h6 8. Bh4 Ne7 9. d4 exd4 10. cxd4 Bb6 11.
Nc3 Ng6 12. Bg3 a6 13. Bc4 Be6 14. Bxe6 fxe6 15. Qb3 Qd7 16. a4 Rab8 17. a5 Ba7 18. Rad1 Kh8 19. e5 Nh5 20. exd6 cxd6 21. Ne4 Nxg3 22. hxg3 Rbc8 23. Rfe1 Rf5 24. Nc3 Nf8 25. d5 e5 26. Ne4 Nh7 27. Rc1 Rcf8 28. Rc3 Nf6 29.
Nxf6 R5xf6 30. Qc2 Qb5 31. Rc7 Qxa5 32. Rxb7 Rxf3 33.
b4 Qxd5 34. Rxa7 Rxf2 35. Qe4 Qxe4 36. Rxe4 Rb2 37. Rxa6 Rff2 38. Rxd6 Rxg2+ 39. Kf1 Rxg3 40. Rxe5 Rxb4 41. Kf2 Ra3 42. Re8+ Kh7 43. Rd2 Rf4+ 44. Kg2 Ra5 45. Kg3 Rf6 46. Re7 Rg5+ 47. Kh4 Rf1 48. Rh2 Rf4+ 49. Kh3 Rh5+ 50. Kg3 Rxh2 51. Kxf4 Rg2 52.
Kf3 Rg5 53. Re6 Ra5 54. Kg4 Ra4+ 55. Kg3 h5 56. Kh3 g6 57. Kg3 Kh6 58. Re3 h4+ 59. Kh3 Kh5 60. Re5+ g5 61. Re3 Rf4 62. Rb3 g4+ 63. Kg2 Rf5 64. Kh2 Kg5 65. Kg2 Re5 66. Rb2 Kf4 67. Rb4+ Re4 68. Rb2 h3+ 69. Kh2 Kf3 70. Rb3+ Re3 71. Rb1 Re2+ 72. Kg1 Kg3 73. Rb3+ Kh4 74. Rb1 g3 75. Rb4+ Kg5 76. Rb5+ Kf4 77.
Rb4+ Re4 78. Rb1 Kf3 79. Rb3+ Re3 80. Rb1 Rd3 81. Kh1 Ke2 82. Re1+ Kxe1 0-1

[Event "Early-Titled-Tuesday-Blitz-February-06-2024"]
[Site "Chess.com"]
[Date "2024.02.06"]
[Round "1"]
[White "ahkashefi2800"]
[Black "chezzgirl04"]
[Result "0-1"]
[WhiteElo "2550"]
[BlackElo "2194"]
[TimeControl "180+1"]
[EndTime "8:08:44 PST"]
[Termination "chezzgirl04 won by checkmate"]

1. d4 d5 2. c4 e6 3. Nc3 Nf6 4. cxd5 Nxd5 5. e4 Nxc3 6. bxc3 c5 7. d5 exd5 8. e5 Be7 9. f4 O-O 10. Nf3 d4 11. cxd4 cxd4 12. Qxd4 Qxd4 13. Nxd4 Rd8 14.
Be3 Bb4+ 15. Kf2 Bc3 16. Rd1 Nc6 17. Nxc6 Rxd1 18. Ne7+ Kf8 19. Bc5 Bd4+ 20. Bxd4 Rxd4 21. Nxc8 Rxc8 22. Bb5 Rxf4+ 23. Ke3 g5 24. Rd1 Rc3+ 25. Bd3 Rc5 26. Bxh7 Rxe5+ 27. Kd2 Rd5+ 28. Bd3 Rf2+ 29. Ke3 Rxg2 30. Rf1 Rxh2 31. Bc4 Rd7 32. Rf5 Rh3+ 33. Kf2 Rc3 34. Bb3 g4 35. Ke2 g3 36. Rg5 Re7+ 37. Kd2 Rf3 38. Bd5 Rf2+ 39. Kc3 Re3+ 40. Kb4 Rd2 41.
a4 Rxd5 42. Rxd5 Re6 43. Ka5 g2 44. Rd1 Rg6 45. Rg1 f5 46. Kb4 f4 47. Rxg2 Rxg2 48.
Kb5 Rg5+ 49. Kb4 f3 50. Kb3 f2 51. Ka3 f1=Q 52. Kb4 Qf4+ 53. Kc3 Rg3+ 54. Kc2 Qf2+ 55. Kd1 Rc3 56. a5 b6 57. a6 Qc2+ 58. Ke1 Re3+ 59. Kf1 Qd1+ 60. Kf2 Qd2+ 61. Kf1 Re1# 0-1

[Event "Early-Titled-Tuesday-Blitz-February-06-2024"]
[Site "Chess.com"]
[Date "2024.02.06"]
[Round "1"]
[White "Drags95"]
[Black "ChessLebaneseSalah"]
[Result "1-0"]
[WhiteElo "2845"]
[BlackElo "2461"]
[TimeControl "180+1"]
[EndTime "8:08:45 PST"]
[Termination "Drags95 won by resignation"]

1. d4 d5 2. c4 c6 3. Nc3 Nf6 4. e3 e6 5. Nf3 Nbd7 6. Be2 Bd6 7. O-O O-O 8. b3 b6 9. Bb2 Bb7 10. Bd3 c5 11. cxd5 exd5 12. Qe2 Re8 13. Ba6 Qc8 14. Bxb7 Qxb7 15. Rfd1 Rad8 16. Rac1 Bf8 17. Qd3 cxd4 18. Nxd4 Nc5 19. Qf5 Nce4 20. Nce2 Rc8 21. Nf4 g6 22. Qh3 Bg7 23. Qf3 Rxc1 24. Rxc1 Rc8 25. Qd1 a5 26. Rc2 Rc5 27. Ba3 Rxc2 28. Qxc2 Bf8 29. Bb2 Bg7 30. Nc6 Qd7 31. Ne5 Qd8 32. Bd4 Nd7 33. Nc6 Qg5 34. Nxd5 Bxd4 35. Qxe4 Bc5 36. g3 Nf8 37.
Kg2 h5 38. h4 Qh6 39. Qe5 Qg7 40. Nce7+ Bxe7 41. Nxe7+ Kh7 42. Qd6 Ne6 43. Qxb6 Qe5 44. Qc6 Nd8 45. Qd7 Qe4+ 46. Kg1 Qb1+ 47. Kh2 Qc2 48.
Kg2 Qe4+ 49. Kf1 Qb1+ 50. Ke2 Qxa2+ 51. Kf3 Ne6 52. Nc6 Kg7 53. Ne5 Nd8 54. Qxd8 Qxb3 55. Qd4 a4 56. Nc4+ Kf8 57. Qc5+ Kg8 58. Kg2 a3 59.
Nxa3 Qb7+ 60. Kg1 Qb2 61. Qc8+ Kh7 62. Qa8 Qa1+ 63. Kg2 Kg7 64. Qa4 Kh7 65. Qb3 Kg8 66. Nc2 Qf6 67. Nd4 Kg7 68. Nf3 Kg8 69. Qd5 Kg7 70.
Qd4 Qxd4 71. Nxd4 Kf6 72. f3 Ke5 73. Kf2 f5 74. Ne2 Kf6 75. Nf4 g5 76. Nxh5+ Kg6 77. hxg5 Kxg5 78. Nf4 Kf6 79. Ke2 Ke5 80. Kd3 Kd6 81. Kd4 Ke7 82. Ke5 1-0

[Event "Early-Titled-Tuesday-Blitz-February-06-2024"]
[Site "Chess.com"]
[Date "2024.02.06"]
[Round "1"]
[White "Sokoloco"]
[Black "ccccvhhhj"]
[Result "1-0"]
[WhiteElo "2787"]
[BlackElo "2437"]
[TimeControl "180+1"]
[EndTime "8:08:46 PST"]
[Termination "Sokoloco won on time"]

1. b3 d5 2. Nf3 Nf6 3. e3 c5 4. d4 Nc6 5. Bb2 Bg4 6. Bb5 e6 7.
h3 Bh5 8. g4 Bg6 9. Ne5 Qb6 10.
Nc3 cxd4 11. exd4 Bb4 12. Bxc6+ bxc6 13. f3 c5 14. a3 Ba5 15. dxc5 Qxc5 16. b4 Qe3+ 17.
Qe2 Qxe2+ 18. Kxe2 Bc7 19. Nb5 Bb8 20. Nc6 O-O 21.
Nxb8 Raxb8 22. Nxa7 Bxc2 23. Rhc1 Bb3 24. Nc6 Bc4+ 25. Ke3 Ra8 26. Ne5 Bb5 27. Rc5 Rfb8 28. Rac1 h6 29. h4 Ba4 30. g5 hxg5 31. hxg5 Ne8 32. g6 f6 33. Nf7 Kf8 34. f4 Ke7 35. f5 exf5 36. Kf4 Bb3 37. Re1+ Kd7 38. Rd1 Rc8 39.
Rdc1 Rxc5 40. Rxc5 Rc8 41. Ra5 Rc2 42. Ra7+ Kc6 43.
Bd4 Rd2 44. Bc5 Kb5 45. Nd8 Kc4 46. Re7 Nd6 47. Bxd6 d4 48. Bc5 d3 49. Nc6 Rd1 50.
Nd4 d2 51. Nf3 Rf1 52. Rd7 d1=Q 53. Rxd1 Rxd1 54. Bf8 Rf1 55. Ke3 Bd1 56. Nd2+ Kb5 57. Nxf1 Bb3 58. Bxg7 Ka4 59. Bxf6 Kxa3 60. Be7 Ka4 61.
Nd2 Bg8 62. g7 Kb5 63. Kd4 Kc6 64. Ke5 Kd7 65. Bf8 f4 66. Kxf4 Ke6 67. Ke4 Kd7 68. Kd4 Kc6 69. Ne4 Kb5 70. Nf6 Bf7 71. g8=Q Bxg8 72.
Nxg8 1-0

[Event "Early-Titled-Tuesday-Blitz-February-06-2024"]
[Site "Chess.com"]
[Date "2024.02.06"]
[Round "1"]
[White "xamax2000"]
[Black "ploxoi"]
[Result "1-0"]
[WhiteElo "2852"]
[BlackElo "2468"]
[TimeControl "180+1"]
[EndTime "8:08:47 PST"]
[Termination "xamax2000 won by resignation"]

1. Nf3 d5 2. g3 c6 3. Bg2 Nf6 4. c4 Bf5 5. Qb3 Qb6 6. d3 e6 7. Be3 Qb4+ 8. Bd2 Qb6 9. Be3 Qb4+ 10. Nbd2 Nbd7 11. Bd4 a5 12. Bc3 Qb6 13. O-O a4 14.
Qc2 Bc5 15. e3 h6 16. b4 axb3 17. axb3 O-O 18. Rfe1 Bg6 19. Bf1 Rfe8 20. Qb2 Bb4 21.
d4 Bxc3 22. Qxc3 c5 23. Bg2 Rec8 24. Rxa8 Rxa8 25. Ne5 Nxe5 26. dxe5 d4 27. exd4 cxd4 28. Qf3 Nd7 29. Qxb7 Qxb7 30. Bxb7 Rb8 31. Bc6 Nc5 32. Bb5 Bc2 33. Nf3 Nxb3 34. Ba6 d3 35. c5 Nxc5 36.
Bc4 Rb4 37. Nd2 Ba4 38. f4 Rb2 39. Nf3 d2 40. Nxd2 Rxd2 41. Bf1 Bc6 42. Rc1 Rd5 43.
Bg2 Nd3 44. Rxc6 Rd4 45. Rc8+ Kh7 46. h4 h5 47. Bf3 g6 48. Kf1 Kg7 49. Rc7 Nb4 50.
Ke2 Rd3 51. Rb7 Rb3 52. Be4 Rb2+ 53. Kd1 Nd3 54. Rxb2 Nxb2+ 55. Ke2 Na4 56. Kd3 Nc5+ 57. Kd4 Nb3+ 58. Kc4 Nd2+ 59. Kd3 Nf1 60. Bf3 Nxg3 61. Be4 Nxe4 62. Kxe4 f6 63. Kd4 fxe5+ 64. Kxe5 Kh6 65. Kxe6 Kg7 66. Ke7 g5 67. fxg5 1-0

[Event "Early-Titled-Tuesday-Blitz-February-06-2024"]
[Site "Chess.com"]
[Date "2024.02.06"]
[Round "1"]
[White "Happy1712Drummer"]
[Black "Meri-Arabidze"]
[Result "0-1"]
[WhiteElo "2413"]
[BlackElo "2742"]
[TimeControl "180+1"]
[EndTime "8:08:47 PST"]
[Termination "Meri-Arabidze won by resignation"]

1. e4 c5 2. Nf3 e6 3. c3 Nf6 4. e5 Nd5 5. d4 cxd4 6. cxd4 b6 7. Bc4 Ba6 8. Bxa6 Nxa6 9. O-O Be7 10. Nc3 Nxc3 11.
bxc3 O-O 12. Qd3 Nc7 13. Bd2 d5 14. Rfe1 b5 15. Re3 a6 16. Rae1 Rc8 17. h4 h6 18.
Nh2 Bxh4 19. Rh3 Bg5 20. f4 Bh4 21. g3 Be7 22. Kg2 f5 23. exf6 Bxf6 24. Ng4 Qe8 25.
f5 Rd8 26. Bxh6 Qf7 27. Bd2 exf5 28. Reh1 Qg6 29. Nxf6+ Qxf6 30. Qf3 Ne6 31. Qh5 f4 32. Bxf4 Nxf4+ 33. gxf4 Rde8 34. Qh7+ Kf7 35. Rf3 Qg6+ 36.
Qxg6+ Kxg6 37. Rhf1 Kf7 38. R1f2 Re4 39. Kg3 Rc8 40. Rc2 b4 41. Rd3 a5 42. Kf3 Kf6 43. Rdd2 bxc3 44. Rd3 g6 45. Rcxc3 Rxc3 46. Rxc3 Rxd4 47. Rc5 a4 48. Ra5 Ke6 49. Ra6+ Kf5 50. Ra5 Rd3+ 51. Ke2 Ke4 52. Rxa4+ d4 53. Ra6 Re3+ 54.
Kd2 Rg3 55. Re6+ Kxf4 56. a4 g5 57. a5 Ra3 58. a6 g4 59. Rf6+ Kg3 60. Rg6 Kf3 61.
Rf6+ Kg2 62. Rg6 g3 63. Ke2 d3+ 64. Kd2 Kf2 65. Rf6+ Kg1 66. Rg6 g2 67. Ke3 Kf1 68. Rf6+ Ke1 69. Rg6 d2+ 70. Ke4 d1=Q 71. Rxg2 Qf3+ 0-1

[Event "Early-Titled-Tuesday-Blitz-February-06-2024"]
[Site "Chess.com"]
[Date "2024.02.06"]
[Round "1"]
[White "MokshAD1603"]
[Black "ChEsper99"]
[Result "1/2-1/2"]
[WhiteElo "2577"]
[BlackElo "2210"]
[TimeControl "180+1"]
[EndTime "8:08:48 PST"]
[Termination "Game drawn - insufficient material"]

1. d4 Nf6 2. c4 e6 3. Nc3 Bb4 4. e3 O-O 5. Bd2 d5 6. Nf3 b6 7. cxd5 exd5 8. Bd3 Bb7 9. Qc2 c5 10. dxc5 bxc5 11. O-O Nc6 12. Rfd1 Rc8 13. a3 Ba5 14.
Bf5 Rb8 15. Na4 c4 16. Nc5 Bc8 17. Bxc8 Qxc8 18. Bc3 Bxc3 19. Qxc3 Rd8 20. Rac1 Ne7 21. Qa5 Nc6 22. Qa4 Rb6 23. b4 cxb3 24. Nxb3 Qa6 25. Qxa6 Rxa6 26. a4 Ne7 27. Rc7 Rd7 28. Rdc1 Rxc7 29. Rxc7 Kf8 30. Nc5 Rc6 31. Rxc6 Nxc6 32.
Kf1 Ke7 33. Ke2 Kd6 34. Nb3 Ne4 35. a5 a6 36. Ne1 f6 37. Nd3 Nc3+ 38. Kd2 Ne4+ 39. Kc2 h5 40. f3 Ng5 41. Kc3 Ne6 42. h4 g5 43. hxg5 fxg5 44. Nf2 h4 45. e4 Nc5 46.
exd5 Kxd5 47. Nxc5 Kxc5 48. Ne4+ Kb5 49. Nxg5 Kxa5 50.
f4 Kb5 51. Nf3 a5 52. Nxh4 a4 53. Nf3 Kc5 54. Nd2 Kd5 55. g4 a3 56. Kb3 Kd4 57. g5 Ne7 58. f5 Ke5 59. f6 Ng6 60. Nf3+ Kf5 61. Kxa3 Kg4 62. f7 Kxf3 63. Kb4 Kg4 64. Kc5 Kxg5 65. Kd6 Kf6 66. Kd7 Kxf7 1/2-1/2